 Dungeon Crawl Stone Soup version 0.32-a0-913-g739538a (webtiles) character file.

Game seed: 12114571632144211964

168 Dorkslayer the Chopper (level 5, -3/46 HPs)
             Began as a Mountain Dwarf Fighter on Apr 8, 2024.
             Incinerated by a bombardier beetle (4 damage)
             ... with a burning spray
             ... on level 3 of the Dungeon.
             The game lasted 00:04:28 (2245 turns).

Dorkslayer the Chopper (Mountain Dwarf Fighter)     Turns: 2245, Time: 00:04:29

Health: -3/46      AC: 10    Str: 21    XL:     5   Next: 23%
Magic:  5/5        EV:  7    Int:  8    God:
Gold:   182        SH:  9    Dex:  9    Spells: 4/4 levels left

rFire   . . .        a - +0 war axe
rCold   + . .        c - +0 buckler
rNeg    . . .        f - +0 chain mail
rPois   .            b - +0 helmet
rElec   .            (no cloak)
rCorr   .            (no gloves)
SInv    .            (no boots)
Will    .....        m - amulet of reflection Stlth
                     g - ring of protection from cold
HPRegen 0.27/turn    (no ring)
MPRegen 0.09/turn

%: reflection
@: on fire, glowing
A: runic magic, artefact enchanting
a: no special abilities


You were on level 3 of the Dungeon.
You visited 1 branch of the dungeon, and saw 3 of its levels.

You collected 182 gold pieces.

Inventory:

Hand Weapons
 a - a +0 war axe (weapon)
Missiles
 i - 5 datura-tipped darts (quivered)
Armour
 b - a +0 helmet (worn)
 c - a +0 buckler (worn)
 f - a +0 chain mail (worn)
Jewellery
 g - a ring of protection from cold (left hand)
 m - an amulet of reflection (around neck)
Talismans
 j - a flux talisman
Wands
 n - a wand of flame (24)
Scrolls
 l - a scroll of revelation {unknown}
 p - a scroll of identify
Potions
 d - a potion of might
 e - a potion of enlightenment
 h - a potion of haste {unknown}
 k - 3 potions of invisibility {unknown}
 o - a potion of heal wounds {unknown}
 q - a potion of lignification {unknown}


   Skills:
 + Level 3.8 Fighting
 + Level 4.1 Axes
 + Level 3.9 Armour
 * Level 1.5 Dodging
 + Level 3.8 Shields
 * Level 0.6 Evocations
 + Level 0.4 Shapeshifting


You had 4 spell levels left.
You didn't know any spells.
Your spell library was empty.

Dungeon Overview and Level Annotations

Branches:
Dungeon (3/15)

Altars:


Innate Abilities, Weirdness & Mutations

Your spellcasting is much less encumbered by armour.
You can use scrolls of enchantment on lesser artefacts.


Message History

The bombardier beetle sprays incendiary fluid at you.
The burning spray hits you.
You are covered in liquid fire!
You hit the bombardier beetle but do no damage.
The bombardier beetle is heavily wounded.
The liquid fire burns you!
The bombardier beetle bites you but does no damage.
You slash the bombardier beetle!
The bombardier beetle is almost dead.
The liquid fire burns you!
The bombardier beetle sprays incendiary fluid at you.
The burning spray hits you.
You are even more covered in liquid fire!
You hit the bombardier beetle.
The bombardier beetle is almost dead.
The liquid fire burns you!
The bombardier beetle bites you but does no damage.
You hit the bombardier beetle.
You kill the bombardier beetle!
The liquid fire burns you!
Your Axes skill increases to level 4!
You have reached level 5!
You closely miss the giant cockroach. The liquid fire burns you!
* * * LOW HITPOINT WARNING * * *
The giant cockroach bites you but does no damage.
You block the giant cockroach's attack.
You hit the giant cockroach but do no damage.
The liquid fire burns you!
* * * LOW HITPOINT WARNING * * *
The giant cockroach bites you but does no damage.
The giant cockroach closely misses you.
You closely miss the giant cockroach. The liquid fire burns you!
* * * LOW HITPOINT WARNING * * *
The giant cockroach bites you but does no damage.
You hit the giant cockroach.
The giant cockroach is heavily wounded.
The liquid fire burns you!
You die...

รท...# #.# ....#
##.## ....# +#...#+
....######..#..######
....'.......#.......+
#.#.###).##.#.##..###
#.#.#.##..##.##..##.#
#.#.#..##..#.#..##..#
#.#.#.(.'.##.##.@B..#
#.#.#..##.#...#.##..#
#.#.#.##....#....# .#
#.#.#..#..##'##..# #
#.#.##"#.##...##.#
#.#.####'#######+#
#.#.............
#........#######
##########


You could see a giant cockroach.

Vanquished Creatures
  A bombardier beetle (D:3)
  3 gnolls (D:3)
  2 adders
  A dart slug (D:2)
  3 ribbon worms
  An orc (D:3)
  4 endoplasms (D:2)
  7 giant cockroaches
  5 goblins (D:2)
  2 hobgoblins (D:2)
  8 jackals
  4 quokkas
  3 ball pythons
  8 bats
  4 frilled lizards
  6 kobolds
  6 rats
68 creatures vanquished.

Notes
Turn   | Place    | Note
-------+----------+-------------------------------------------
     0 | D:1      | Dorkslayer the Mountain Dwarf Fighter began the quest for
                  | the Orb.
     0 | D:1      | Reached XP level 1. HP: 19/19 MP: 1/1
   126 | D:1      | Reached XP level 2. HP: 25/26 MP: 2/2
   819 | D:2      | Reached skill level 3 in Axes
   819 | D:2      | Reached XP level 3. HP: 31/31 MP: 3/3
   886 | D:2      | Reached skill level 1 in Dodging
  1275 | D:2      | Reached XP level 4. HP: 40/40 MP: 4/4
  1545 | D:2      | Found a faded altar of an unknown god.
  2242 | D:3      | Reached skill level 4 in Axes
  2242 | D:3      | Reached XP level 5. HP: 16/46 MP: 5/5
  2244 | D:3      | HP: 1/46 [burnt (5)]
  2245 | D:3      | Incinerated by a bombardier beetle

Illustrated notes

Levels and vault maps discovered:
D:1:      enne_arrival_octagon_isle, layout_loops_corners
D:2:      layout_rooms, hellmonk_ecumenical_altar_prayer_group,
          chequers_serial_rivers_small_a, roderic_lattice_a
D:3:      layout_basic, minmay_pentangle

Skill      XL: |  1  2  3  4 |
---------------+-------------+-----
Axes           | 3 4 |  4.1
Dodging        | 1 |  1.5
Fighting       | |  3.8
Armour         | |  3.9
Shields        | |  3.8
Evocations     | |  0.6
Shapeshifting  | |  0.4

Action                     |  1- 3 |  4- 6 || total
---------------------------+-------+-------++-------
  Melee: War axe           |   161 |    67 ||   228
    Use: Scroll            |     3 |       ||     3
 Armour: Chain mail        |   138 |    44 ||   182
         Scale mail        |     8 |       ||     8
  Dodge: Dodged            |    84 |    21 ||   105
  Block: Buckler           |    76 |    35 ||   111

Table legend: (Time is in decaauts)
 A = Elapsed time spent in this place.
 B = Non-inter-level travel time spent in this place.
 C = Inter-level travel time spent in this place.
 D = Time resting spent in this place.
 E = Time spent auto-exploring this place.
 F = Levels seen in this place.
 G = Mean time per level.
                   A        B        C        D        E       F      G
               +--------+--------+--------+--------+--------+-----+--------+
         Total |   2328 |   2328 |      0 |      0 |   1272 |   3 |  776.0 |
       Dungeon |   2328 |   2328 |      0 |      0 |   1272 |   3 |  776.0 |
               +--------+--------+--------+--------+--------+-----+--------+

Top non-repeatable levels by time:
     D:2: 886 daAuts
     D:1: 820 daAuts
     D:3: 621 daAuts
